 Dungeon Crawl Stone Soup version 0.30.1 (webtiles) character file.

Game seed: 2418233777335004732

149 monsoonserge the Shield-Bearer (level 5, -7/46 HPs)
             Began as a Meteoran Fighter on July 8, 2023.
             Killed by nerve-wracking pain
             ... invoked by Grinder
              (14 damage)
             ... on level 4 of the Dungeon.
             The game lasted 00:06:29 (1089 turns).

monsoonserge the Shield-Bearer (Meteoran Fighter)   Turns: 1089, Time: 00:06:29

Health: -7/46      AC:  7    Str: 20    XL:     5   Next: 88%
Magic:  6/6        EV:  7    Int:  9    God:
Gold:   109        SH: 13    Dex: 13    Spells: 4/4 levels left

rFire   . . .        a - +0 war axe
rCold   . . .        f - +0 tower shield
rNeg    . . .        b - +0 scale mail
rPois   .            (no helmet)
rElec   .            (no cloak)
rCorr   .            (no gloves)
SInv    .            (no boots)
Will    .....        (no amulet) Stlth
                     (no ring)
HPRegen 0.27/turn    (no ring)
MPRegen 0.10/turn

%: no passive effects
@: lethally poisoned (-7 -> -12), glowing
A: sense surroundings 1, otherworldly, glowing, explore regen
a: no special abilities


You were on level 4 of the Dungeon.
You visited 1 branch of the dungeon, and saw 4 of its levels.

You collected 109 gold pieces.

Inventory:

Hand Weapons
 a - a +0 war axe (weapon)
Missiles
 h - 2 javelins (quivered)
Armour
 b - a +0 scale mail (worn)
 c - a +0 buckler
 f - a +0 tower shield (worn)
Scrolls
 e - a scroll of silence {unknown}
 g - a scroll of noise {unknown}
 i - 2 scrolls of identify {unknown}
 k - a scroll of blinking {unknown}
 n - a scroll of fog {unknown}
 o - a scroll of magic mapping {unknown}
 p - a scroll of enchant weapon {unknown}
 q - 3 scrolls of teleportation {unknown}
 r - 3 scrolls of fear {unknown}
Potions
 d - a potion of might
 j - a potion of ambrosia {unknown}
 l - a potion of curing {unknown}
 m - a potion of haste {unknown}


   Skills:
 + Level 4.0 Fighting
 - Level 3.0 Axes
 + Level 4.7 Armour
 + Level 2.3 Dodging
 + Level 4.8 Shields


You had 4 spell levels left.
You didn't know any spells.
Your spell library contained the following spells:

 Spells                   Type           Power      Damage    Failure   Level
 Dazzling Flash           Conj/Hex       0%         N/A       100%        3
 Tukima's Dance           Hex            0%         N/A       100%        3
 Volatile Blastmotes      Fire/Tloc      0%         2d10      100%        3
 Iskenderun's Mystic Bla  Conj/Tloc      0%         2d3       100%        4
 Leda's Liquefaction      Hex/Erth       0%         N/A       100%        4
 Passage of Golubria      Tloc           0%         N/A       100%        4
 Lee's Rapid Deconstruct  Erth           0%         3d4*      100%        5
 Yara's Violent Unravell  Hex/Tmut       0%         3d3       100%        5
 Starburst                Conj/Fire      0%         6d3       100%        6
 Statue Form              Tmut/Erth      0%         N/A       100%        6


Dungeon Overview and Level Annotations

Branches:
Dungeon (4/15) Zot: 1190
 Temple: D:4-7

Altars:

Shops:
D:3 [

Annotations:
D:4 Grinder


Innate Abilities, Weirdness & Mutations

You passively map a small area around you.
You are easily found by Zot.
You glow in the dark.
You regain HP and MP as you explore.


Message History

Pain shoots through your body!
Grinder blinks!
The adder bites you but does no damage. You block the adder's attack.
You barely miss the adder. You block the adder's attack.
Grinder gestures at you.
You suddenly lose the ability to move!
The adder bites you but does no damage. The adder bites you.
You are poisoned.
The adder poisons you!
You feel sick. The adder bites you. The adder bites you but does no damage.
You feel sick. Grinder hits you but does no damage.
The adder bites you but does no damage.
You feel sick. Grinder hits you! The adder bites you but does no damage.
You can move again.
Unknown command.
You closely miss Grinder.
Grinder is heavily wounded.
You miss the adder.
You feel sick. The adder bites you. Grinder hits you but does no damage.
You block the adder's attack. Grinder closely misses you.
Unknown command.
You hit Grinder but do no damage.
Grinder is heavily wounded.
You miss the adder.
You feel sick.
You are no longer poisoned.
You block the adder's attack. Grinder gestures at you.
Pain shoots through your body!
* * * LOW HITPOINT WARNING * * *
The adder bites you but does no damage. You block Grinder's attack.
The adder barely misses you.
You barely miss Grinder.
Grinder is heavily wounded.
You slash the adder! The adder bites you.
* * * LOW HITPOINT WARNING * * *
You are poisoned.
The adder poisons you!
Grinder says, "I used to sell toenails on the black market."
Grinder gestures at you. Pain shoots through your body!
You die...

#.#.##.# * ##. *
##.#.#..# #..)..>## * ,
*,* ...)...# , *
.......# * #......# * *#
...#...# , ,..# *
.......############.....
,
.............#.5@S......
,,
.....#.#####.#.##.#..#..
.....#.# * #............
, ...###.##......#.##..#
. ... #.##.##.#.......#
, , , ## #.##
,......##.... ,, #..
...##..# *###. #. .#.##
..#* , #... ... *


You could see Grinder and an adder.

Vanquished Creatures
  A lemure (D:4)
  Natasha (D:3)
  3 gnolls (D:2)
  An adder (D:2)
  3 worms (D:2)
  2 dart slugs (D:3)
  8 bats
  An endoplasm (D:2)
  2 giant cockroaches
  6 goblins
  7 hobgoblins
  12 jackals
  2 kobolds (D:4)
  6 quokkas
  4 ball pythons
  2 frilled lizards
  7 rats
68 creatures vanquished.

Notes
Turn   | Place    | Note
-------+----------+-------------------------------------------
     0 | D:1      | monsoonserge the Meteoran Fighter began the quest for the
                  | Orb.
     0 | D:1      | Reached XP level 1. HP: 19/19 MP: 2/2
   173 | D:1      | Reached XP level 2. HP: 26/26 MP: 3/3
   358 | D:1      | Reached XP level 3. HP: 30/33 MP: 4/4
   454 | D:1      | Glimpsed the power of Zot.
   504 | D:1      | Glimpsed the power of Zot.
   538 | D:2      | Reached XP level 4. HP: 30/40 MP: 5/5
   565 | D:2      | Reached skill level 1 in Dodging
   577 | D:2      | Reached XP level 5. HP: 18/46 MP: 6/6
   628 | D:2      | Identified the +0 dagger of Starshine {heavy, Str+5}
   913 | D:3      | Noticed Natasha
   923 | D:3      | Killed Natasha
   958 | D:3      | Found Vyvvesh's Antique Armour Boutique.
  1034 | D:4      | Noticed a lemure
  1058 | D:4      | Killed a lemure
  1073 | D:4      | Noticed Grinder
  1082 | D:4      | Paralysed by Grinder for 5 turns
  1089 | D:4      | Killed from afar by Grinder

Illustrated notes

Levels and vault maps discovered:
D:1:      dpeg_arrival_lava_temple_mockup, layout_basic, serial_corexii_hall,
          corexii_hall_statues_s, corexii_hall_statues_l, minmay_parallelograms,
          minivault_11
D:2:      layout_rooms
D:3:      layout_rooms, serial_shops, shop, uniq_natasha
D:4:      layout_loops_cross, mainiacjoe_overflow_catwalk_spiral, uniq_edmund,
          uniq_grinder, uniq_menkaure, uniq_pikel

Skill      XL: |  1  2  3  4  5 |
---------------+----------------+-----
Shields        | 4 |  4.8
Axes           | 3 |  3.0
Dodging        | 1 2 |  2.3
Armour         | 4 |  4.7
Fighting       | 4 |  4.0

Action                     |  1- 3 |  4- 6 || total
---------------------------+-------+-------++-------
  Melee: War axe           |    79 |   102 ||   181
 Armour: Scale mail        |    60 |    40 ||   100
  Dodge: Dodged            |    21 |    17 ||    38
  Block: Tower shield      |    88 |    87 ||   175
         Buckler           |     1 |       ||     1
